 Dungeon Crawl Stone Soup version 0.18.1-8-gdd0e5ea (webtiles) character file.

1732 rockintein the Cleaver (level 8, 0/99 (102) HPs)
             Began as a Minotaur Berserker on June 5, 2016.
             Was a Priest of Trog.
             Slain by an orc warrior
             ... wielding a +0 halberd
              (11 damage)
             ... on level 6 of the Dungeon.
             The game lasted 00:10:23 (6046 turns).

rockintein the Cleaver (Minotaur Berserker)         Turns: 6046, Time: 00:10:25

HP:   0/99 (102)    AC:  8    Str: 29    XL:     8   Next: 76%
MP:   0/7           EV: 11    Int:  4    God:    Trog [***...]
Gold: 481           SH:  0    Dex: 10    Spells: 0 memorised, 7 levels left

rFire  . . .     SeeInvis .     h - +1 broad axe
rCold  . . .     Gourm    .     s - +0 ring mail
rNeg   . . .     Faith    .     (no shield)
rPois  .         Spirit   +     (helmet restricted)
rElec  .         Dismiss  .     j - +1 cloak
rCorr  .         Reflect  .     (no gloves)
SustAt .         Harm     .     (no boots)
MR     .....                    v - amulet of guardian spirit
Stlth  ..........               (no ring)
                                (no ring)

@: berserking, very quick, not resistant to hostile enchantments, extremely
unstealthy
A: retaliatory headbutt, horns 2
a: Berserk, Trog's Hand, Burn Spellbooks, Renounce Religion


You were on level 6 of the Dungeon.
You worshipped Trog.
Trog was most pleased with you.
You were very hungry.

You visited 1 branch of the dungeon, and saw 6 of its levels.
You also visited: Ossuary.

You collected 481 gold pieces.

Inventory:

Hand Weapons
 h - a +1 broad axe (weapon)
Armour
 j - a +1 cloak (worn)
 s - a +0 ring mail (worn)
Jewellery
 v - an amulet of guardian spirit (around neck)
Scrolls
 b - a scroll of magic mapping
 e - 4 scrolls of identify
 k - a scroll of blinking
 m - a scroll of fear
 u - 2 scrolls of teleportation
Potions
 a - a potion of berserk rage
 f - a potion of haste
 n - a potion of agility
 o - a potion of resistance
Books
 l - a Young Poisoner's Handbook

   Spells                             Type                      Level
   a - Sting                          Conjuration/Poison           1
   b - Cure Poison                    Poison                       2
   c - Mephitic Cloud                 Conjuration/Poison/Air       3
   d - Olgreb's Toxic Radiance        Poison                       4
   e - Venom Bolt                     Conjuration/Poison           5
   Trog disapproves of the use of such an item.
Comestibles
 c - a bread ration
 i - 5 meat rations


   Skills:
 + Level 5.1 Fighting
 * Level 12.5 Axes
 + Level 4.3 Armour
 - Level 2.1 Dodging


You had 7 spell levels left.
You didn't know any spells.

Dungeon Overview and Level Annotations

Branches:
Dungeon (6/15)             Temple (0/1) D:6

Altars:
Elyvilon
Gozag
Okawaru
Vehumet


Innate Abilities, Weirdness & Mutations

You reflexively headbutt those who attack you in melee.
You have a pair of horns on your head.


Message History

You kill the orc priest!
Trog accepts your kill.
Your life force feels restored.
The orc warrior barely misses you.
The orc warrior hits you with a halberd!
* * * LOW HITPOINT WARNING * * *
You see here a dagger.
You are too injured to fight recklessly!
You are too injured to fight recklessly!
You are too injured to fight recklessly!
A red film seems to cover your vision as you go berserk!
You feel yourself moving faster!
You feel mighty!
You are feeling very hungry.
The orc warrior hits you but does no damage.
You closely miss the orc warrior. You headbutt the orc warrior!
The orc warrior is moderately wounded.
You hit the orc warrior. You headbutt the orc warrior!
The orc warrior is almost dead.
The orc warrior hits you with a halberd!
You die...

#####)#.#.#.####.#.........ยง#....
.....)...............)...#..#..##
..###.#.#.#.####.#....##....#..##
..# #.#.#........#....##.#..#....
..###.#.#.#.#...%................
.........................#.##..##
...................#..##.#.##..#
..............##...#...........##
..........##..##@).#.....#.......
........#.##..##.o.#.........####
###.#####.##...........#._.#.....
#........#..###..#.........####
###.#####..#..###..#.....#....##
...................#............#
###.#.........# .##.###......#..
###.#.###..#..# .##. ########..
......# #..#..# #[# #..


You could see an orc warrior.

Vanquished Creatures
  The ghost of PeterLawrence the Cudgeler, an amateur MiFi (Ossuary)
  An orc warrior (D:6)
  A sky beast (D:6)
  A necrophage (D:5)
  2 ogres
  2 phantoms (D:6)
  A scorpion (D:6)
  3 wights (D:6)
  2 jellies (D:6)
  A crimson imp (D:5)
  A quasit (D:6)
  4 orc priests
  2 iguanas (D:4)
  3 worker ants (D:4)
  A big kobold zombie (Ossuary)
  8 mummies (Ossuary)
  A worker ant zombie (D:5)
  5 adders
  6 gnolls
  A howler monkey skeleton (D:5)
  2 adder skeletons (D:4)
  A worm (D:6)
  2 dart slugs
  2 giant geckos
  20 orcs
  A ball python (D:2)
  9 bats
  3 giant cockroaches
  2 gnoll zombies (Ossuary)
  5 goblins
  10 hobgoblins
  8 jackals
  6 kobolds
  2 quokkas
  3 giant newts
  4 hobgoblin zombies (Ossuary)
  A kobold zombie (Ossuary)
  A quokka skeleton (D:6)
  6 rats
135 creatures vanquished.

Notes
Turn   | Place    | Note
--------------------------------------------------------------
     0 | D:1      | rockintein the Minotaur Berserker began the quest for the Orb.
     0 | D:1      | Reached XP level 1. HP: 19/19 MP: 0/0
    12 | D:1      | Reached skill level 4 in Axes
   269 | D:1      | Reached XP level 2. HP: 24/26 MP: 1/1
   625 | D:1      | Reached skill level 5 in Axes
   751 | D:2      | Reached ** piety under Trog
   751 | D:2      | Reached XP level 3. HP: 28/31 MP: 2/2
  1119 | D:2      | Found a white marble altar of Elyvilon.
  1579 | D:3      | Reached XP level 4. HP: 39/39 MP: 3/3
  1582 | D:3      | Reached skill level 6 in Axes
  2185 | D:3      | Reached *** piety under Trog
  2445 | D:4      | Reached XP level 5. HP: 30/45 MP: 1/4
  2621 | D:4      | Reached skill level 7 in Axes
  2801 | D:4      | Found an opulent altar of Gozag.
  2839 | D:4      | Reached skill level 8 in Axes
  2841 | D:4      | Reached XP level 6. HP: 44/51 MP: 2/5
  3373 | D:4      | Reached skill level 9 in Axes
  3557 | D:5      | Entered Level 5 of the Dungeon
  3766 | D:5      | Found an iron altar of Okawaru.
  3861 | D:5      | Reached XP level 7. HP: 37/57 MP: 2/6
  4335 | D:5      | Reached skill level 10 in Axes
  4466 | D:6      | Found a sand-covered staircase.
  4626 | Ossuary  | Entered an ossuary
  4647 | Ossuary  | Noticed PeterLawrence's ghost (amateur MiFi)
  4669 | Ossuary  | Killed PeterLawrence's ghost
  4669 | Ossuary  | Reached skill level 11 in Axes
  4669 | Ossuary  | Reached XP level 8. HP: 49/62 MP: 3/7
  5213 | D:6      | Reached skill level 12 in Axes
  5500 | D:6      | Found a radiant altar of Vehumet.
  5742 | D:6      | Found a staircase to the Ecumenical Temple.
  5945 | D:6      | Reached skill level 5 in Fighting
  6046 | D:6      | Slain by an orc warrior

Skill      XL: |  1  2  3  4  5  6  7  8 |
---------------+-------------------------+-----
Axes           | 4 5 6 8 9 11 12 | 12.5
Fighting       | 5 |  5.1
Armour         | 4 |  4.3
Dodging        | |  2.1

Action                   |  1- 3 |  4- 6 |  7- 9 || total
-------------------------+-------+-------+-------++-------
Melee: Hand axe          |    74 |   144 |       ||   218
       Headbutt          |    10 |    22 |    37 ||    69
       Broad axe         |       |       |   158 ||   158
Invok: Berserk           |     2 |     2 |     1 ||     5
       Trog's Hand       |       |     1 |     1 ||     2
  Use: Scroll            |       |     8 |     8 ||    16
       Potion            |       |     7 |       ||     7
 Stab: Sleeping          |     1 |       |       ||     1
  Eat: Chunk             |     3 |     9 |     2 ||    14
       Bread ration      |       |       |     1 ||     1
       Pizza             |       |       |     1 ||     1
Armor: Animal skin       |    19 |     2 |       ||    21
       Ring mail         |       |    39 |    48 ||    87
Dodge: Dodged            |    60 |    71 |    74 ||   205
